 Dungeon Crawl Stone Soup version 0.24-b1 (webtiles) character file.

Game seed: 9288001778875865440, levelgen mode: deterministic

3521 Flydiii the Cleaver (level 9, -1/68 HPs)
             Began as a Demonspawn Abyssal Knight on Oct 12, 2019.
             Was an Elder of Lugonu.
             Blown up by a centaur (31 damage)
             ... with a disintegration bolt
             ... on level 9 of the Dungeon on Oct 13, 2019.
             The game lasted 01:14:57 (8247 turns).

Flydiii the Cleaver (Demonspawn Abyssal Knight)     Turns: 8247, Time: 01:15:01

Health: -1/68      AC: 15    Str: 16    XL:     9   Next: 81%
Magic:  12/12      EV: 14    Int: 12    God:    Lugonu [****..]
Gold:   577        SH: 12    Dex: 14    Spells: 11/11 levels left

rFire    + + .     SeeInvis .   y - +0 war axe
rCold    + . .     Gourm    .   u - +2 shield
rNeg     + + .     Faith    .   C - +0 scale mail {MR+}
rPois    +         Spirit   .   J - +0 helmet
rElec    .         Reflect  .   m - +1 cloak of the Other Side {+Blink rPois rN++ Int-2}
rCorr    +         Harm     .   E - +0 pair of gloves
MR       +....                  I - +1 pair of boots of Dawn {rCorr}
Stlth    ..........             B - amulet of regeneration
HPRegen  0.61/turn              e - ring of protection from fire
MPRegen  0.13/turn              g - +4 ring of evasion

@: no status effects
A: hooves 2, icy blue scales 1, agile 1, cold resistance 1, fire resistance 1,
evolution 1, rot immunity
a: Depart the Abyss, Bend Space, Banish, Corrupt, Renounce Religion, Evoke Blink


You were on level 9 of the Dungeon.
You worshipped Lugonu.
Lugonu was greatly pleased with you.
You were hungry.

You visited 1 branch of the dungeon, and saw 9 of its levels.
You visited the Abyss 1 time.

You collected 577 gold pieces.

Inventory:

Hand Weapons
 a - a +1 hand axe
 y - a +0 war axe (weapon)
 Q - the +6 arbalest "Damnation" {damnation}
   (You found it on level 9 of the Dungeon)
Armour
 m - the +1 cloak of the Other Side (worn) {+Blink rPois rN++ Int-2}
   (You found it on level 6 of the Dungeon)

   It affects your intelligence (-2).
   It protects you from poison.
   It greatly protects you from negative energy.
   It lets you blink.
 u - a +2 shield (worn)
 C - a +0 scale mail of magic resistance (worn)
 E - a +0 pair of gloves (worn)
 H - +0 steam dragon scales
 I - the +1 pair of boots of Dawn (worn) {rCorr}
   (You found it on level 8 of the Dungeon)

   It provides partial protection from all sources of acid and corrosion.
 J - a +0 helmet (worn)
Magical Staves
 O - an uncursed staff of energy {unknown}
Jewellery
 e - a ring of protection from fire (left hand)
 f - an uncursed ring of flight
 g - a +4 ring of evasion (right hand)
 r - a +2 amulet of reflection
 B - an amulet of regeneration (around neck)
 M - an uncursed amulet of rage
Wands
 K - a wand of paralysis (5)
 L - a wand of random effects (45)
 N - a wand of iceblast (9)
Scrolls
 d - 2 scrolls of enchant weapon {unknown}
 j - 3 scrolls of amnesia {unknown}
 k - a scroll of fear {unknown}
 l - 4 scrolls of identify {unknown}
 o - 2 scrolls of magic mapping {unknown}
 p - 2 scrolls of immolation {unknown}
 q - 3 scrolls of teleportation {unknown}
 t - a scroll of enchant armour {unknown}
 v - 6 scrolls of remove curse {unknown}
 x - 2 scrolls of blinking {unknown}
 G - a scroll of vulnerability {unknown}
Potions
 b - 2 potions of ambrosia {unknown}
 h - 4 potions of heal wounds
 i - a potion of flight {unknown}
 n - 3 potions of haste {unknown}
 s - 2 potions of lignification {unknown}
 w - a potion of agility {unknown}
 z - a potion of resistance {unknown}
 A - 2 potions of curing {unknown}
 D - a potion of might {unknown}
 F - 2 potions of degeneration {unknown}
Comestibles
 c - 13 rations


   Skills:
 + Level 5.5 Fighting
 + Level 8.2 Axes
 + Level 4.3 Armour
 + Level 4.2 Dodging
 + Level 0.3 Stealth
 + Level 6.0 Shields
 * Level 1.5 Spellcasting
 + Level 4.0 Invocations


You had 11 spell levels left.
You didn't know any spells.
Your spell library contained the following spells:

 Spells                   Type           Power        Failure   Level  Hunger
 Flame Tongue             Conj/Fire      #....        97%         1    ##.....
 Throw Flame              Conj/Fire      #.....       99%         2    ###....
 Conjure Flame            Conj/Fire      #.......     100%        3    ####...
 Inner Flame              Hex/Fire       #.......     100%        3    ####...
 Sticky Flame             Conj/Fire      #.......     100%        4    #####..
 Fireball                 Conj/Fire      #.........   100%        5    ######.


Dungeon Overview and Level Annotations

Branches:
Dungeon (9/15)             Temple (0/1) D:4
   Lair: D:8-11         Orc: D:9-12

Altars:
Hepliaklqana
Makhleb
Nemelex Xobeh
Okawaru
Uskayaw
Xom
Yredelemnul
Zin

Annotations:
D:4 ecumenical temple


Innate Abilities, Weirdness & Mutations

You have hoof-like feet.
You are partially covered in icy blue scales. (AC +2)
Your flesh is cold resistant. (rC+)
You are immune to rotting.
You are agile. (Dex +2)
Your flesh is heat resistant. (rF+)
You evolve.


Message History

3 arrows; 2 stones The centaur shoots an arrow.
You block the arrow.
The centaur unwields a +0 shortbow of freezing.
The centaur barely misses you.
Things that are here:
a +0 dagger; a cursed +0 robe You closely miss the centaur.
You block the centaur's attack.
You barely miss the centaur. The centaur hits you.
You slash the centaur!
The centaur is severely wounded.
The centaur shoots an arrow.
You block the arrow.
The centaur zaps a wand.
You easily resist.
The centaur shoots an arrow.
The arrow hits you but does no damage. You block the centaur's attack.
You slash the hobgoblin!
You kill the hobgoblin!
Lugonu accepts your kill.
You hit the centaur.
The centaur shoots an arrow.
The arrow hits you but does no damage.
The centaur zaps a wand.
You are blasted!
You die...

##########################
...#%.$'o.o†..........'..$
...#.(.)c)()g..).....('..$
♣PP#..[#(########''####g?.
#...#c@.# .% #...#...# .
#####.>.# P♣♣♣P#...#
.PPPPP#'''##
.P♣PPP♣†.(.♣♣♣ P
...P♣P.....PP♣PP
...P.P.....P♣P♣P
.......†....P.P


You could see 2 centaurs and an orc wizard.

Vanquished Creatures
  A spriggan (D:7)
  A steam dragon (D:8)
  A water moccasin (D:8)
  A black bear (D:6)
  4 ogres
  A phantom (D:7)
  4 centaurs
  2 big kobolds (D:9)
  A bullfrog (D:8)
  2 gnoll sergeants (D:9)
  2 wyvern skeletons
  4 killer bees (D:6)
  3 wights (D:7)
  4 crimson imps
  A howler monkey (D:5)
  A bullfrog zombie (D:8)
  A jelly (D:7)
  4 orc priests
  A gnoll shaman (D:9)
  9 hounds
  7 orc wizards
  A bullfrog skeleton (D:6)
  Terence (D:2)
  4 iguanas
  5 worker ants
  A killer bee zombie (D:7)
  8 adders
  4 gnolls
  A shadow imp (D:5)
  An ooze (D:2)
  An adder skeleton (D:7)
  2 worms (D:3)
  4 leopard geckos
  28 orcs
  6 bats
  5 giant cockroaches
  8 goblins
  13 hobgoblins
  11 jackals
  16 kobolds
  3 quokkas
  A ball python (D:1)
  7 frilled lizards
  A leopard gecko zombie (D:5)
  A quokka skeleton (D:7)
  8 rats
196 creatures vanquished.

Vanquished Creatures (others)
  A hippogriff (D:7)
  An orc warrior (D:5)
  An orc wizard (D:6)
  A gnoll (D:8)
  A white imp (Abyss:1)
  An orc (D:2)
  A giant cockroach zombie (D:6)
7 creatures vanquished.

Grand Total: 203 creatures vanquished

Notes
Turn   | Place    | Note
-------+----------+-------------------------------------------
     0 | Abyss:1  | Flydiii the Demonspawn Abyssal Knight began the quest for
                  | the Orb.
     0 | Abyss:1  | Reached XP level 1. HP: 18/18 MP: 2/2
    22 | Abyss:1  | Found a corrupted altar of Lugonu.
    24 | Abyss:1  | Found a corrupted altar of Lugonu.
   116 | Abyss:1  | Noticed a small abomination
   235 | Abyss:1  | Noticed a small abomination
   236 | D:1      | Escaped the Abyss
   378 | D:1      | Reached skill level 1 in Dodging
   536 | D:1      | Gained mutation: You have large cloven feet. [demonic
                  | ancestry]
   536 | D:1      | Reached XP level 2. HP: 16/24 MP: 4/4
  1287 | D:2      | Reached * piety under Lugonu
  1287 | D:2      | Reached skill level 2 in Axes
  1287 | D:2      | Reached XP level 3. HP: 24/29 MP: 5/5
  1811 | D:1      | Gained mutation: Your flesh is heat resistant. (rF+)
                  | [potion of mutation]
  1811 | D:1      | Gained mutation: You are dopey. (Int -2) [potion of
                  | mutation]
  1811 | D:1      | Gained mutation: You evolve. [potion of mutation]
  1828 | D:1      | Reached XP level 4. HP: 10/35 MP: 6/6
  2440 | D:3      | Gained mutation: You are agile. (Dex +2) [evolution]
  2659 | D:3      | Reached skill level 3 in Axes
  2702 | D:3      | Found a sparkling altar of Nemelex Xobeh.
  2788 | D:3      | Reached ** piety under Lugonu
  2788 | D:3      | Gained mutation: You are partially covered in icy blue
                  | scales. (AC +2) [demonic ancestry]
  2788 | D:3      | Reached XP level 5. HP: 41/41 MP: 7/7
  3273 | D:3      | Found a basalt altar of Yredelemnul.
  3441 | D:3      | Noticed Terence
  3658 | D:2      | Killed Terence
  3658 | D:2      | Reached XP level 6. HP: 31/48 MP: 8/8
  3961 | D:4      | Reached skill level 1 in Shields
  4190 | D:4      | Found a staircase to the Ecumenical Temple.
  4272 | D:4      | Reached skill level 4 in Axes
  4333 | D:5      | Entered Level 5 of the Dungeon
  4493 | D:5      | You fall into a shaft and drop 2 floors!
  4548 | D:8      | Noticed a water moccasin
  4564 | D:8      | Killed a water moccasin
  4564 | D:8      | Gained mutation: You are immune to rotting. [demonic
                  | ancestry]
  4564 | D:8      | Reached XP level 7. HP: 48/53 MP: 9/9
  4618 | D:8      | Noticed a steam dragon
  4663 | D:8      | Killed a steam dragon
  4717 | D:8      | Lost mutation: You are dopey. (Int -2) [evolution]
  4722 | D:8      | Got a pair of brightly glowing boots
  4737 | D:8      | Identified the +1 pair of boots of Dawn {rCorr} (You found
                  | it on level 8 of the Dungeon)
  4906 | D:6      | Reached skill level 5 in Axes
  4917 | D:6      | Reached *** piety under Lugonu
  4950 | D:6      | Gained mutation: Your flesh is cold resistant. (rC+)
                  | [demonic ancestry]
  4950 | D:6      | Reached XP level 8. HP: 52/60 MP: 10/10
  5058 | D:6      | Got an ichor-stained cloak
  5064 | D:6      | Identified the +1 cloak of the Other Side {+Blink rPois
                  | rN++ Int-2} (You found it on level 6 of the Dungeon)
  5070 | D:6      | Found a hazy altar of Hepliaklqana.
  5278 | D:6      | Reached skill level 6 in Axes
  5387 | D:6      | Found a burning altar of Makhleb.
  5390 | D:6      | Found a shimmering altar of Xom.
  5398 | D:6      | Found a glowing silver altar of Zin.
  5399 | D:6      | Found an iron altar of Okawaru.
  5400 | D:6      | Found a hide-covered altar of Uskayaw.
  6087 | D:5      | Reached skill level 5 in Shields
  6440 | D:5      | Gained mutation: You have hoof-like feet. [demonic
                  | ancestry]
  6440 | D:5      | Reached XP level 9. HP: 67/67 MP: 11/11
  6975 | D:7      | Found a burning altar of Makhleb.
  7082 | D:7      | Reached skill level 7 in Axes
  7119 | D:7      | Reached skill level 5 in Fighting
  8005 | D:9      | Reached **** piety under Lugonu
  8017 | D:9      | Found the +6 arbalest "Damnation" {damnation}
  8093 | D:9      | Reached skill level 8 in Axes
  8172 | D:9      | Reached skill level 1 in Spellcasting
  8247 | D:9      | Blown up by a centaur

Skill      XL: |  1  2  3  4  5  6  7  8  9 |
---------------+----------------------------+-----
Dodging        | 1 2 3 4 |  4.2
Armour         | 2 3 4 |  4.3
Axes           | 2 3 4 5 6 8 |  8.2
Shields        | 2 3 5 6 |  6.0
Fighting       | 4 5 |  5.5
Invocations    | 4 |  4.0
Spellcasting   | 1 |  1.5
Stealth        | |  0.3

Action                   |  1- 3 |  4- 6 |  7- 9 || total
-------------------------+-------+-------+-------++-------
Melee: Hand axe          |   114 |    97 |       ||   211
       Kick              |     8 |    54 |     8 ||    70
       War axe           |       |   100 |   579 ||   679
Invok: Depart the Abyss  |     1 |       |       ||     1
       Banish            |       |       |     2 ||     2
  Use: Potion            |     2 |       |       ||     2
  Eat: Chunk             |     2 |     7 |     9 ||    18
       Ration            |       |     1 |     1 ||     2
Armor: Leather armour    |    32 |    16 |       ||    48
       Scale mail        |       |    14 |   220 ||   234
Dodge: Dodged            |   141 |   129 |   297 ||   567
Block: Other             |       |     2 |       ||     2
       Shield            |       |    64 |   424 ||   488
       Reflection        |       |     1 |       ||     1
